Unix NetHack Version 5.0.0-0 post-release - last build Jun 10 2026 00:39:30 (3ee93aec679c4c4259841fe613dc97188e26a321,branch:main).

Game began 2026-06-13 15:58:16, ended 2026-06-16 22:05:10.

KraJa, lawful female human Valkyrie

                                    -------------
                                    ...).)...........
                                    ---|----...)). )..
                                   -$[%.)..--....[.....
                                   .[...... --..........
                                   .)......  |...........     ---------------
                                    .....).  -------...-      |.....%.......|
                                    .......       ---|----   --..---------..|
                                  -----|-----     ..[..[.-- --..[|.......|..|
                                ---$.$$.).).---   ..[[....---...)|.......|..|
                                |...$......)..|    ....[...)..)..)?.._...|..|
                                |. ----|---- .|     ..._[.---..[%|.[.....|..|
                                |  |...w.w.|  |     ...%%-- --[..|.[.....|..|
                                   |...)[w.|        ------   --..---------..|
                                   |..@@)).|                  |......[..%...|
                                   |......D|                  ---------------
                                  3|.....[.|
                                   --------- 5

KraJa the Lady              St:25 Dx:18 Co:18 In:12 Wi:18 Ch:15  Lawful
Astral Plane $:0  HP:92(172) Pw:85(85) AC:-39 Xp:30/100138567 T:83404 

Latest messages:
 You hear some noises in the distance.
 You see here a silver mace.
 You hear a chugging sound.
 You notice a black glow surrounding you.
 You feel a malignant aura surround you.
 An elven spear misses you.
 The purple worm drops a silver mace.
 You hear a masticating sound.
 You hit the invisible Pestilence!
 You hit the invisible Pestilence!
 You kill the invisible Pestilence!
 The purple worm picks up a mace.
 The door opens.
 You hear a chugging sound.
 This door is locked.
 Unlock it with your skeleton key named @? [ynq] (q)
 You succeed in unlocking the door.
 The door opens.
 The invisible high priest intones:
 "Pilgrim, you enter a sacred place!"
 You see here a broadsword.
 The purple worm picks up an apron.
 What do you want to use or apply? [ci-lops-uwDIPQTXZ or ?*]
 You have a little trouble removing an uncursed food ration.  Continue? [ynq] (q)
 You have a little trouble removing Y - an uncursed food ration.
 Your movements are slowed slightly because of your load.
 What do you want to eat? [RY or ?*]
 This food really hits the spot!
 The white dragon breathes frost!
 The blast of frost hits the invisible high priest of Tyr!
 The blast of frost whizzes by you!
 You stop eating the food ration.
 The invisible high priest of Tyr casts a spell!
 The invisible high priest of Tyr looks better.
 You hear some noises in the distance.
 The purple worm drops an elven leather helm.
 There is a high altar to Tyr (lawful) here.
 #
 What do you want to sacrifice? [W or ?*]
 You offer the Amulet of Yendor to Tyr...
 An invisible choir sings, and you are bathed in radiance...
 The voice of Tyr booms out: "Mortal, thou hast done well!"
 "In return for thy service, I grant thee the gift of Immortality!"
 You ascend to the status of Demigoddess...
 Do you want your possessions identified? [ynq] (y)
 Do you want to see your attributes? [ynq] (y)
 Do you want an account of creatures vanquished? [ynaq] (y)
 Do you want a list of species genocided and extinct? [ynaq] (y)
 Do you want to see your conduct and achievements? [ynq] (y)
 Do you want to see the dungeon overview? [ynq] (y)

Inventory:
 Amulets  ('"')
  d - a blessed amulet of flying named @
  r - a blessed amulet of life saving named @ (being worn)
  O - an uncursed amulet of magical breathing named @
 Weapons  (')')
  U - 10 blessed fireproof +6 elven daggers (at the ready)
  a - the blessed rustproof +7 Excalibur (wielded in right hand)
  b - a blessed +6 silver saber named @ (wielded in left hand)
 Armor    ('[')
  H - a blessed fireproof +6 elven leather helm named @ (being worn)
  G - a blessed rustproof +4 pair of gauntlets of power named @ (being worn)
  B - an uncursed fireproof +4 pair of speed boots named @ (being worn)
  C - an uncursed fireproof +4 cloak of magic resistance named @ (being worn)
  V - an uncursed +0 robe
  S - a cursed +5 Hawaiian shirt with an orchid motif named @ (being worn)
  A - a blessed +4 silver dragon scale mail named @ (being worn)
 Comestibles  ('%')
  Y - an uncursed partly eaten food ration
  R - an uncursed lizard corpse
 Spellbooks  ('+')
  Q - the uncursed Book of the Dead
 Rings    ('=')
  y - an uncursed ring of shock resistance named @ (on left hand)
  v - a blessed ring of slow digestion named @ (on right hand)
 Wands    ('/')
  c - an uncursed wand of death named @ (0:2)
  Z - an uncursed wand of digging named @ (0:3)
  o - an uncursed wand of fire named @ (0:2)
  P - a cursed wand of lightning named @ (2:7)
  w - an uncursed wand of teleportation (2:9)
  D - an uncursed wand of teleportation named @ (0:0)
 Tools    ('(')
  i - a blessed greased bag of holding named TPFCSIHD/RhLV@0 containing 30 items
  j - an empty blessed oilskin sack named @
  X - the blessed Bell of Opening (0:2)
  T - the blessed Candelabrum of Invocation (0 of 7 candles attached)
  l - a blessed magic lamp named @ (lit)
  I - the blessed Orb of Fate (0:5)
  p - a blessed +0 pick-axe named @
  k - a blessed skeleton key named @
  s - an uncursed stethoscope named @
  t - an uncursed wet towel named @
  u - a blessed +0 unicorn horn named @

Contents of the bag of holding named TPFCSIHD/RhLV@0:
  an uncursed +0 mummy wrapping named @
  an uncursed -1 robe
  6 uncursed food rations
  3 blessed scrolls of blank paper
  2 blessed scrolls of charging
  3 blessed scrolls of gold detection
  9 potions of holy water
  an uncursed ring of conflict named @
  a blessed ring of teleport control named @
  an uncursed wand of create monster (0:10)
  an uncursed wand of death (0:8)
  an uncursed wand of death (0:4)
  an uncursed wand of death (3:4)
  a cursed wand of death (0:1)
  an uncursed wand of digging (0:7)
  an uncursed wand of digging (3:7)
  an uncursed wand of digging (0:7)
  a blessed wand of fire (3:8)
  an uncursed wand of fire (0:6)
  an uncursed wand of lightning (3:13)
  an uncursed wand of lightning (0:7)
  an uncursed wand of lightning (0:7)
  an uncursed wand of secret door detection (0:13)
  an uncursed wand of teleportation (2:4)
  an uncursed wand of wishing (1:0)
  an uncursed can of grease (0:19)
  an uncursed magic marker (0:93)
  a blessed tinning kit (0:11)
  5 uncursed amber stones
  a blessed touchstone

KraJa the Valkyrie's attributes:

Background:
 You were a Lady, a level 30 human Valkyrie.
 You were lawful, on a mission for Tyr
 who was opposed by Odin (neutral) and Loki (chaotic).
 You were right-handed.
 You were in the endgame, on the Astral Plane.
 You entered the dungeon 83404 turns ago.
 It was nighttime.
 There was a new moon in effect when your adventure ended.
 You had 100138567 experience points.

Basics:
 You had 92 out of 172 hit points.
 You had all 85 energy points (spell power).
 Your armor class was -39.
 Your wallet was empty.
 Autopickup was on for all types, with exceptions.

Final Characteristics:
 Your strength was 25 (base:18/99, peak:18/100, innate limit:18/100).
 Your dexterity was 18 (limit:18).
 Your constitution was 18 (limit:18).
 Your intelligence was 12 (limit:18).
 Your wisdom was 18 (limit:18).
 Your charisma was 15 (limit:18).

Final Status:
 You weren't hungry.
 You were unencumbered.
 You were wielding two weapons at once.
 Your skill in long sword was limited by being unskilled with two weapons.
 Your skill in saber was also limited by being unskilled with two weapons.
 You could have enhanced skill with two weapons.

Final Attributes:
 You were piously aligned.
 You were magic-protected.
 You were fire resistant.
 You were cold resistant.
 You were sleep resistant.
 You were disintegration resistant.
 You were shock resistant.
 Your items were protected from electric shocks.
 You were poison resistant.
 You were level-drain resistant.
 You saw invisible.
 You were telepathic.
 You were warned.
 You had automatic searching.
 You were invisible to others.
 You were stealthy.
 You had slower digestion.
 You had a moderate defense bonus (+9).
 You were warded.
 You took half physical damage.
 You took half spell damage.
 You were very fast.
 You had reflection.
 Your life would have been saved.
 You were extremely lucky.
 You had extra luck.
 Good luck did not time out for you.
 You survived.

Miscellaneous:
 You encountered 2 bones levels.
 Total elapsed playing time was 21 hours, 6 minutes and 43 seconds.

Major events:
 Turn
    1: KraJa the lawful human Valkyrie entered the dungeon
 1301: attained the rank of Skirmisher (level 3)
 1893: entered the Gnomish Mines
 3485: attained the rank of Fighter (level 6)
 6016: reached Mine Town
 8693: the Oracle has been killed
 8784: entered Sokoban
 9011: completed 1st Sokoban level
 9271: completed 2nd Sokoban level
10135: completed 3rd Sokoban level
10997: completed 4th Sokoban level
11782: acquired the Sokoban bag of holding
11814: attained the rank of Woman-at-arms (level 10)
13375: attained the rank of Warrior (level 14)
21457: entered the Bigroom
24389: entered Home 1, the Quest
24491: the Norn has granted access to proceed deeper into the quest
24519: entered Home 2, the Quest
25428: performed her first genocide (class R)
25428: genocided class h
25441: made her first wish - "blessed fixed +2 cloak of magic resistance", got "a piece of cloth"
25482: attained the rank of Swashbuckler (level 18)
25487: genocided class L
35617: found Fire Brand on the floor
36578: found Sting on the floor
38681: acquired the Mines' End luckstone
40712: killed Croesus
43264: killed Medusa
45868: entered Gehennom
48881: was bestowed with Mjollnir by Tyr
51662: genocided class V
51676: killed Juiblex
52478: was bestowed with Ogresmasher by Tyr
52683: entered Home 3, the Quest
52860: entered Home 4, the Quest
52942: entered Home 5, the Quest
53155: found the Orb of Fate on the floor
53215: killed Lord Surtur
53216: acquired the Bell of Opening
53688: attained the rank of Heroine (level 22)
56799: attained the rank of Champion (level 26)
58545: killed Asmodeus
59259: killed Baalzebub
59416: was bestowed with Trollsbane by Tyr
61385: made her first artifact wish - "blessed fixed +2 excalibur", got "a long sword named Excalibur"
64497: destroyed Vlad the Impaler
64498: acquired the Candelabrum of Invocation
67644: killed Orcus
73538: attained the rank of Lady (level 30)
78796: wished for "uncursed magic marker", got "a magic marker"
78801: wished for "uncursed magic marker", got "a magic marker"
78888: wished for "blessed fixed oilskin sack", got "a bag"
80432: killed the Wizard of Yendor
80433: acquired the Book of the Dead
80592: performed the invocation
80769: killed the high priestess of Moloch
80771: acquired The Amulet of Yendor
80772: wished for "blessed potion of full healing", got "a potion"
81237: killed the Wizard of Yendor (2nd time)
81803: killed the Wizard of Yendor (3rd time)
81889: killed Yeenoghu
82702: killed the Wizard of Yendor (5th time)
82867: entered the Elemental Planes
82867: entered Plane of Earth
82918: entered Plane of Air
82988: entered Plane of Fire
83011: entered Plane of Water
83014: genocided class ;
83199: entered the Astral Plane
83228: killed Death
83229: killed Death (2nd time)
83240: killed Death (3rd time)
83261: killed Death (5th time)
83394: killed Pestilence
83404: ascended

Spells:
 Name                 Level Category     Fail Retention
 stone to flesh         3   healing       86%    (gone)
 teleport away          6   escape       100%    (gone)
 create monster         2   clerical      85%    (gone)
 finger of death        7   attack       100%    (gone)
 cure sickness          3   healing       69%    (gone)
 detect treasure        4   divination   100%    (gone)
 healing                1   healing       67%    (gone)
 dig                    5   matter       100%    (gone)
 cone of cold           4   attack        88%    (gone)
 force bolt             1   attack        85%    (gone)
 restore ability        4   healing       96%    (gone)
 identify               3   divination    86%    1%-25%

Skills:
 Fighting Skills
   bare handed combat [Unskilled]
   two weapon combat  [Unskilled]
   riding             [Unskilled]
 Weapon Skills
   dagger             [Expert]
   axe                [Unskilled]
   pick-axe           [Unskilled]
   short sword        [Unskilled]
   broadsword         [Unskilled]
   long sword         [Expert]
   two-handed sword   [Unskilled]
   saber              [Basic]
   morning star       [Unskilled]
   hammer             [Unskilled]
   quarterstaff       [Unskilled]
   polearms           [Unskilled]
   spear              [Basic]
   trident            [Unskilled]
   lance              [Unskilled]
   sling              [Unskilled]
 Spellcasting Skills
   attack spells      [Unskilled]
   escape spells      [Unskilled]

Voluntary challenges:
 Character rerolling was not enabled.
 You genocided 21 types of monsters.
 You used 6 wishes (1 for an artifact).
 You did not violate any of the special Sokoban rules.
Achievements:
 You attained the rank of Skirmisher.
 You entered the Gnomish Mines.
 You entered a shop.
 You attained the rank of Fighter.
 You entered Minetown.
 You entered a temple.
 You entered Sokoban.
 You completed Sokoban.
 You attained the rank of Woman-at-arms.
 You attained the rank of Warrior.
 You entered the Big Room.
 You attained the rank of Swashbuckler.
 You completed the Gnomish Mines.
 You defeated Medusa.
 You entered Gehennom.
 You had the Bell of Opening.
 You attained the rank of Heroine.
 You attained the rank of Champion.
 You had the Candelabrum of Invocation.
 You attained the rank of Lady.
 You had the Book of the Dead.
 You gained access to Moloch's Sanctum.
 You reached the Elemental Planes.
 You reached the Astral Plane.
 You delivered the Amulet of Yendor.
 You ascended!

 The Elemental Planes:
    Astral Plane: <- You are here.
       Some temples and some altars.
    Plane of Water:
    Plane of Fire:
    Plane of Air:
    Plane of Earth:
 The Dungeons of Doom: levels 1 to 27
    Level 1:
       One way stairs up to The Elemental Planes.
    Level 2: "V"
    Level 3: "S"
    Level 4:
       Stairs down to The Gnomish Mines.
    Level 5:
       A general store.
    Level 6:
    Level 7:
    Level 8: "S"
       An altar to Tyr.
       Stairs up to Sokoban, level 7.
    Level 9:
    Level 10:
       An altar.
    Level 11:
    Level 12:
       A very big room.
    Level 13:
       An altar to Tyr.
    Level 14:
       A fountain.
       Portal to The Quest.
    Level 15:
       A fountain, a sink.
    Level 16:
       A primitive area.
    Level 17:
       A sink.
    Level 18:
       An altar.
       Portal to Fort Ludios.
    Level 19:
    Level 20:
    Level 21:
       A sink.
    Level 22:
       A temple and an altar.
    Level 23:
    Level 24:
    Level 25:
    Level 26:
    Level 27:
       The castle.
 Gehennom: levels 28 to 47
    Level 28:
       A temple and an altar, many graves.
       Valley of the Dead.
    Level 29:
    Level 30:
    Level 31:
    Level 32:
    Level 33:
       A fountain.
    Level 34:
    Level 35:
    Level 36:
       Stairs up to Vlad's Tower, level 35.
    Level 37:
    Level 38:
    Level 39: "pickup"
       Some shops, an altar, many graves.
    Level 40:
    Level 41:
    Level 42:
    Level 43: "pickup"
    Level 44: "rodney"
    Level 45: "pickup"
    Level 46:
    Level 47:
       A temple and an altar, many graves.
       Moloch's Sanctum.
 The Gnomish Mines: levels 5 to 13
    Level 5:
    Level 6:
    Level 7:
       Many shops, a temple and an altar, some fountains.
    Level 8:
       Final resting place for
          Fletchius-Arc-Dwa-Fem-Law, killed by a queen bee.
    Level 9:
       A grave.
       Final resting place for
          IanCurtis-Wiz-Elf-Mal-Cha, killed by a gnome lord.
    Level 10:
    Level 11:
    Level 12:
    Level 13:
 The Quest: levels 1 to 5
    Level 1:
       A fountain.
       Completed quest for the Norn.
    Level 2:
    Level 3:
    Level 4:
    Level 5:
 Sokoban: levels 7 up to 4
    Level 4:
       Solved.
    Level 5:
       Solved.
    Level 6:
       Solved.
    Level 7:
       Solved.
 Fort Ludios:
    Level 1:
       Fort Ludios.
 Vlad's Tower: levels 35 up to 33
    Level 33:
       A throne.
    Level 34:
    Level 35:


Vanquished creatures:
    Asmodeus
    Baalzebub
    Orcus
    Yeenoghu
    Juiblex
the Wizard of Yendor (6 times)
    Death (9 times)
    Pestilence
    Vlad the Impaler
  a high cleric
  3 mastodons
    Medusa
    Croesus
 13 krakens
 12 iron golems
 20 storm giants
  7 glass golems
 10 balrogs
 21 purple worms
  2 gray dragons
  3 gold dragons
  2 silver dragons
 14 red dragons
  5 white dragons
  4 orange dragons
  6 black dragons
  3 blue dragons
  5 green dragons
  7 yellow dragons
 28 minotaurs
  5 jabberwocks
    Lord Surtur
 13 baluchitheria
 37 Angels
 11 stone golems
 22 Olog-hai
  a Nazgul
 10 pit fiends
  2 sandestins
  9 hell hounds
  7 displacer beasts
 12 titanotheres
  7 trappers
  6 baby red dragons
  2 baby white dragons
  a baby orange dragon
  2 guardian nagas
  7 genetic engineers
 10 vampire leaders
 11 skeletons
the Oracle
 38 aligned clerics
 10 captains
  6 shades
 10 clay golems
  3 nurses
 18 ice devils
  8 nalfeshnees
 13 lurkers above
 an Aleax
  3 frost giants
  8 ettins
  a golden naga
 25 black puddings
  7 vampires
 13 lieutenants
 38 ghosts
  a barbarian
  a monk
  3 queen bees
 11 winged gargoyles
 19 giant mimics
 14 long worms
 16 zruties
 36 fire giants
 17 ogre tyrants
  9 ice trolls
 14 rock trolls
 14 umber hulks
 13 flesh golems
 12 elven monarchs
 10 doppelgangers
 21 hezrous
 32 bone devils
 18 large mimics
  7 wumpuses
  9 fire vortices
  a couatl
 23 stalkers
 13 air elementals
 20 fire elementals
 15 earth elementals
 15 water elementals
  7 hill giants
  9 giant mummies
 21 xorns
 26 giant zombies
 27 elf-nobles
 31 sergeants
  2 water demons
  6 barbed devils
 26 vrocks
  6 salamanders
 20 wargs
  6 winter wolves
 19 hell hound pups
 18 small mimics
  3 glass piercers
 14 warhorses
 16 steam vortices
 21 xans
  8 ettin mummies
 15 ogre leaders
 15 quantum mechanics
 28 trolls
  2 sasquatches
 14 wood golems
  7 mariliths
  9 sharks
 12 electric eels
 22 gelatinous cubes
 18 pyrolisks
  6 large dogs
  4 freezing spheres
 23 flaming spheres
 18 shocking spheres
  2 large cats
  9 tigers
  7 gargoyles
  a tengu
 23 ochre jellies
 22 leocrottas
 11 energy vortices
  8 mountain centaurs
  7 stone giants
  4 elf mummies
 10 human mummies
 18 red nagas
  7 green slimes
 29 pythons
 37 pit vipers
 45 cobras
 37 wraiths
 10 carnivorous apes
 23 ettin zombies
  4 leather golems
 23 Grey-elves
118 soldiers
 16 amorous demons
 11 horned devils
 10 chameleons
  6 crocodiles
 87 giant beetles
 12 quivering blobs
 18 cockatrices
 15 wolves
 14 winter wolf cubs
  3 lynxes
  5 panthers
 14 gremlins
  a spotted jelly
 28 leprechauns
  7 orc-captains
 13 iron piercers
  9 mumakil
 17 giant spiders
  8 scorpions
 23 horses
  3 ice vortices
 21 black lights
 16 vampire bats
  7 forest centaurs
 11 gnome rulers
 10 orc mummies
  9 dwarf mummies
 20 ogres
  8 brown puddings
  2 rust monsters
 17 owlbears
 10 yetis
  3 gold golems
  4 werewolves
 23 Green-elves
  5 piranha
 18 giant eels
 23 lizards
  2 warriors
 14 chickatrices
  4 dingoes
  4 dogs
  4 housecats
  8 jaguars
  3 dwarf leaders
  5 blue jellies
  8 gray unicorns
  8 black unicorns
 11 dust vortices
 10 ravens
 13 plains centaurs
  3 gnome mummies
 44 snakes
 18 apes
 16 human zombies
  6 rope golems
 19 Woodland-elves
 99 soldier ants
110 fire ants
 21 bugbears
 an imp
  7 lemures
 10 quasits
 11 wood nymphs
 10 water nymphs
  9 mountain nymphs
 16 Mordor orcs
 23 Uruk-hai
  7 orc shamans
  9 rock piercers
 10 rock moles
 10 ponies
 11 fog clouds
 27 yellow lights
  6 shriekers
 15 violet fungi
 29 gnome leaders
 12 gnomish wizards
  6 kobold mummies
  a black naga hatchling
  a guardian naga hatchling
  5 gray oozes
  7 barrow wights
 24 elf zombies
 15 ghouls
  3 straw golems
  4 paper golems
  6 jellyfish
 95 giant ants
  3 little dogs
 21 floating eyes
  6 kittens
  7 dwarves
  9 homunculi
  8 kobold leaders
  6 kobold shamans
 16 hill orcs
 37 rothes
  3 rabid rats
  3 centipedes
 10 giant bats
  7 monkeys
 21 orc zombies
 35 dwarf zombies
  3 wererats
  6 werejackals
 16 iguanas
115 killer bees
  7 acid blobs
 10 coyotes
  6 gas spores
  7 hobbits
 25 manes
 10 large kobolds
 37 hobgoblins
  3 giant rats
 14 cave spiders
  2 brown molds
  3 yellow molds
  2 green molds
  8 red molds
 82 gnomes
 52 garter snakes
 17 gnome zombies
 18 geckos
 22 jackals
  6 foxes
  7 kobolds
 14 goblins
  7 sewer rats
 16 grid bugs
 10 bats
 10 lichens
 14 kobold zombies
 15 newts
3970 creatures vanquished.

Genocided or extinct species:
 arch-liches
 krakens
 master liches
 demiliches
 master mind flayers
 disenchanters
 vampire leaders
 liches
 vampires
 mind flayers
 sharks
 electric eels
 dwarf rulers
 soldiers (extinct)
 giant beetles (extinct)
 rust monsters
 piranha
 giant eels
 dwarf leaders
 soldier ants (extinct)
 fire ants (extinct)
 bugbears
 jellyfish
 giant ants (extinct)
 dwarves
 killer bees (extinct)
 hobbits
21 species genocided.
6 species extinct.

Farvel KraJa the Demigoddess...

You went to your reward with 4015700 points,
Excalibur (worth 4000 zorkmids and 10000 points)
The Orb of Fate (worth 3500 zorkmids and 8750 points)
The Book of the Dead (worth 10000 zorkmids and 25000 points)
The Candelabrum of Invocation (worth 5000 zorkmids and 12500 points)
The Bell of Opening (worth 5000 zorkmids and 12500 points)
       5 amber stones (worth 5000 zorkmids),
       1 amulet of life saving (worth 150 zorkmids),
       1 amulet of magical breathing (worth 150 zorkmids),
       1 amulet of flying (worth 150 zorkmids),
and 0 pieces of gold, after 83404 moves.
You were level 30 with a maximum of 172 hit points when you ascended.

